 Dungeon Crawl Stone Soup version 0.23.1 (webtiles) character file.

Game seed: 0

3698 Fang the Fighter (level 10, -5/65 HPs)
             Began as a Gargoyle Berserker on Mar 18, 2019.
             Was an Elder of Trog.
             Slain by an eight-headed hydra (8 damage)
             ... on level 8 of the Dungeon.
             The game lasted 00:08:44 (6875 turns).

Fang the Fighter (Gargoyle Berserker)               Turns: 6875, Time: 00:08:45

Health: -5/65      AC: 29    Str: 24    XL:     10   Next: 13%
Magic:  10/10      EV:  9    Int:  8    God:    Trog [****..]
Gold:   382        SH:  0    Dex:  9    Spells: 9/9 levels left

rFire    . . .     SeeInvis +   a - +2 battleaxe
rCold    . . .     Gourm    +   (shield currently unavailable)
rNeg     + . .     Faith    .   b - +0 plate armour
rPois    ∞         Spirit   .   (no helmet)
rElec    +         Reflect  .   f - +2 cloak
rCorr    .         Harm     .   (no gloves)
MR       ++...                  (no boots)
Stlth    ..........             t - amulet of the gourmand
HPRegen  1.20/turn              l - ring of see invisible
MPRegen  0.12/turn              r - +5 ring of protection

@: regenerating, very slow
A: negative energy resistance 1, electricity resistance, unbreathing,
petrification resistance, rot immunity, AC +7
a: Berserk, Trog's Hand, Brothers in Arms, Renounce Religion


You were on level 8 of the Dungeon.
You worshipped Trog.
Trog was greatly pleased with you.
You were completely stuffed.

You visited 2 branches of the dungeon, and saw 9 of its levels.

You collected 382 gold pieces.

Inventory:

Hand Weapons
 a - a +2 battleaxe (weapon)
 D - a +1 war axe
Armour
 b - a +0 plate armour (worn)
 f - a +2 cloak (worn)
Jewellery
 e - an uncursed amulet of faith {unknown}
 l - a ring of see invisible (left hand)
 r - a +5 ring of protection (right hand)
 t - an amulet of the gourmand (around neck)
 z - a +3 ring of dexterity
 C - an uncursed ring of protection from cold
Wands
 u - a wand of iceblast (10)
Scrolls
 d - 4 scrolls of remove curse
 i - 10 scrolls of teleportation
 j - a scroll of magic mapping
Potions
 h - 2 potions of cancellation
 k - a potion of might
 m - a potion of invisibility
 n - 2 potions of haste
 o - 3 potions of lignification
 p - 3 potions of curing
 q - 4 potions of heal wounds
 s - 2 potions of mutation {unknown}
 v - 2 potions of brilliance {unknown}
 x - a potion of ambrosia {unknown}
Comestibles
 c - 19 rations
 g - 11 chunks of flesh


   Skills:
 + Level 8.5 Fighting
 + Level 7.1 Axes
 + Level 8.0 Armour
 + Level 6.2 Dodging


You had 9 spell levels left.
You didn't know any spells.
Your spell library was empty.

Dungeon Overview and Level Annotations

Branches:
Dungeon (8/15)             Temple (1/1) D:7
   Lair: D:8-11

Altars:
Ashenzari
Dithmenos
Kikubaaqudgha
Nemelex Xobeh
Okawaru
Qazlal
Ru
Sif Muna
Trog
Uskayaw
Xom

Shops:
D:6 !


Innate Abilities, Weirdness & Mutations

You are resistant to torment.
Your stone body is resilient. (AC +7)
You are immune to poison.
You resist negative energy. (rN+)
You are resistant to electric shocks. (rElec)
You can survive without breathing.
You are immune to petrification.
You are immune to rotting.


Message History

The eight-headed hydra bites you. x2
The eight-headed hydra barely misses you. x2
The eight-headed hydra bites you but does no damage. x3
The eight-headed hydra closely misses you.
The big kobold hits you but does no damage.
The big kobold hits you but does no damage.
There is an open gate here.
You see here a yak skeleton.
You enter the shallow water.
Moving in this stuff is going to be slow.
The eight-headed hydra bites you but does no damage.
The eight-headed hydra bites you! The eight-headed hydra bites you.
* * * LOW HITPOINT WARNING * * *
The eight-headed hydra closely misses you.
The eight-headed hydra bites you!
* * * LOW HITPOINT WARNING * * *
The eight-headed hydra bites you!
* * * LOW HITPOINT WARNING * * *
The eight-headed hydra bites you!
You die...

...##..#.# ##########
.......#.# #.%'.....#
##.##....###).#.....#
##.###.....#+###'''##
##....######.≈P.....#
##....# #P≈≈..P..#
.+....# #≈≈P.K...#
##....# #P≈))D...#
#....######PP≈.@.≈.#
#.........#####.####
#########.......#
#########


You could see an eight-headed hydra and a big kobold.

Vanquished Creatures
  Pikel (D:4)
  The ghost of MuEpsilon the Basher, a novice MiBe of Trog (D:5)
  2 dream sheep (D:8)
  2 yaks (D:8)
  2 black bears
  2 ice beasts
  2 orc warriors
  A necrophage (D:7)
  2 ogres
  2 big kobolds (D:8)
  Blork the orc (D:5)
  3 bullfrogs
  A scorpion (D:8)
  4 wights (D:7)
  2 bullfrog zombies
  3 crimson imps
  3 quasits
  3 orc priests
  A hound (D:6)
  A jelly (D:8)
  3 orc wizards
  A bullfrog skeleton (D:4)
  An iguana (D:6)
  2 worker ants
  A howler monkey zombie (D:5)
  A howler monkey skeleton (D:6)
  11 adders
  2 oozes
  2 adder skeletons
  3 worms
  3 dart slugs
  2 leopard geckos
  22 orcs
  6 giant cockroaches
  11 goblins
  7 hobgoblins
  2 jackals (D:2)
  7 kobolds
  2 quokkas
  A ball python (D:3)
  9 bats
  9 frilled lizards
  A giant cockroach zombie (D:5)
  7 rats
155 creatures vanquished.

Notes
Turn   | Place    | Note
-------+----------+-------------------------------------------
     0 | D:1      | Fang the Gargoyle Berserker began the quest for the Orb.
     0 | D:1      | Reached XP level 1. HP: 14/14 MP: 1/1
   123 | D:1      | Reached XP level 2. HP: 12/19 MP: 2/2
   473 | D:1      | Reached XP level 3. HP: 22/23 MP: 3/3
   597 | D:1      | Reached ** piety under Trog
  1064 | D:2      | Found an ancient bone altar of Kikubaaqudgha.
  1143 | D:2      | Found a shadowy altar of Dithmenos.
  1237 | D:2      | Reached XP level 4. HP: 29/29 MP: 4/4
  1539 | D:2      | Found a sacrificial altar of Ru.
  1822 | D:3      | Reached XP level 5. HP: 31/33 MP: 5/5
  2202 | D:3      | Found a bloodstained altar of Trog.
  2316 | D:3      | Reached *** piety under Trog
  2586 | D:4      | Found a shattered altar of Ashenzari.
  2663 | D:4      | Noticed Pikel
  2664 | D:4      | Noticed a slave
  2664 | D:4      | Noticed a slave
  2664 | D:4      | Noticed a slave
  2664 | D:4      | Noticed a slave
  2681 | D:4      | Killed Pikel
  2681 | D:4      | Reached skill level 5 in Fighting
  2681 | D:4      | Reached XP level 6. HP: 40/40 MP: 6/6
  2681 | D:4      | Reached XP level 7. HP: 44/44 MP: 7/7
  2932 | D:4      | Found a hide-covered altar of Uskayaw.
  2933 | D:4      | Found a shimmering altar of Xom.
  2933 | D:4      | Found an iron altar of Okawaru.
  3289 | D:5      | Entered Level 5 of the Dungeon
  3335 | D:5      | Found a transporter.
  3340 | D:5      | Noticed MuEpsilon's ghost (novice MiBe)
  3351 | D:5      | Found a transporter.
  4054 | D:5      | Reached skill level 5 in Armour
  4286 | D:5      | Noticed Blork the orc
  4317 | D:5      | Killed Blork the orc
  4317 | D:5      | Reached XP level 8. HP: 44/51 MP: 8/8
  4420 | D:5      | Reached skill level 5 in Axes
  4537 | D:5      | Killed MuEpsilon's ghost
  4716 | D:6      | Found Duihin Uzunn's Distillery.
  4773 | D:6      | Reached XP level 9. HP: 36/56 MP: 9/9
  4921 | D:6      | Reached skill level 5 in Dodging
  5302 | D:6      | Found a sparkling altar of Nemelex Xobeh.
  5475 | D:7      | Found a staircase to the Ecumenical Temple.
  5485 | Temple   | Entered the Ecumenical Temple
  5626 | D:7      | Found a stormy altar of Qazlal.
  5794 | D:7      | Found a deep blue altar of Sif Muna.
  5972 | D:7      | Reached **** piety under Trog
  6699 | D:8      | Reached XP level 10. HP: 42/64 MP: 10/10
  6858 | D:8      | Noticed a three-headed hydra
  6875 | D:8      | HP: 3/65 [eight-headed hydra (7)]
  6875 | D:8      | Slain by an eight-headed hydra

Skill      XL: |  1  2  3  4  5  6  7  8  9 10 |
---------------+-------------------------------+-----
Axes           | 3 4 5 6 7 |  7.1
Dodging        | 2 3 4 6 |  6.2
Fighting       | 4 5 6 8 |  8.5
Armour         | 3 4 5 6 7 8 |  8.0

Action                   |  1- 3 |  4- 6 |  7- 9 | 10-12 || total
-------------------------+-------+-------+-------+-------++-------
Melee: Hand axe          |   127 |   231 |   353 |       ||   711
       Battleaxe         |       |       |   101 |    16 ||   117
       War axe           |       |       |    52 |       ||    52
Invok: Berserk           |       |     1 |     2 |       ||     3
       Trog's Hand       |       |       |     2 |     1 ||     3
  Use: Scroll            |       |       |    15 |       ||    15
 Stab: Sleeping          |     1 |       |       |       ||     1
  Eat: Chunk             |     1 |     5 |    26 |     1 ||    33
Armor: Animal skin       |    31 |       |       |       ||    31
       Scale mail        |    28 |   145 |    15 |       ||   188
       Chain mail        |       |       |   361 |       ||   361
       Plate armour      |       |       |    19 |    53 ||    72
Dodge: Dodged            |    75 |   137 |   232 |    23 ||   467
